 Dungeon Crawl Stone Soup version 0.25-a0-201-g0bb11aece9 (webtiles) character file.

Game seed: 14751741472677880337, levelgen mode: deterministic

601 floatRand the Sneak (level 7, -4/46 HPs)
             Began as an Octopode Fighter on Dec 2, 2019.
             Slain by a sky beast (5 damage)
             ... on level 4 of the Dungeon.
             The game lasted 00:03:57 (4402 turns).

floatRand the Sneak (Octopode Fighter)              Turns: 4402, Time: 00:03:58

Health: -4/46      AC:  1    Str: 16    XL:     7   Next: 41%
Magic:  7/7        EV: 13    Int: 10    God:
Gold:   255        SH:  9    Dex: 13    Spells: 6/6 levels left

rFire    . . .     SeeInvis .   w - -2 long sword (drain)
rCold    . . .     Gourm    .   b - +0 shield
rNeg     + . .     Faith    .   (helmet restricted)
rPois    +         Spirit   .   (no amulet)
rElec    .         Reflect  .   n - ring of poison resistance
rCorr    .         Harm     .   q - ring of positive energy
MR       .....                  (no ring)
Stlth    ++++......             (no ring)
HPRegen  0.15/turn              (no ring)
MPRegen  0.10/turn              (no ring)
                                (no ring)
                                (no ring)

@: no status effects
A: almost no armour, stealthy swim, amphibious, 8 rings, constrict 8, camouflage
1, gelatinous body 1
a: no special abilities


You were on level 4 of the Dungeon.
You were not hungry.

You visited 1 branch of the dungeon, and saw 5 of its levels.

You collected 255 gold pieces.

Inventory:

Hand Weapons
 a - a +0 long sword
 w - a -2 long sword of draining (weapon)
 x - a +1 flail of protection
Missiles
 h - 10 poisoned darts (quivered)
Armour
 b - a +0 shield (worn)
Jewellery
 n - a ring of poison resistance (left tentacle)
 q - a ring of positive energy (right tentacle)
Scrolls
 e - a scroll of enchant weapon {unknown}
 f - 3 scrolls of identify {unknown}
 j - 3 scrolls of remove curse {unknown}
 k - a scroll of noise {unknown}
 l - a scroll of magic mapping {unknown}
 m - 2 scrolls of blinking {unknown}
 o - 4 scrolls of teleportation {unknown}
 p - 3 scrolls of immolation {unknown}
 u - a scroll of fear {unknown}
 y - a scroll of fog {unknown}
Potions
 c - a potion of might
 g - 2 potions of curing
 i - a potion of berserk rage {unknown}
 r - a potion of degeneration {unknown}
 s - a potion of lignification {unknown}
 t - a potion of flight {unknown}
 v - a potion of heal wounds {unknown}
Comestibles
 d - 6 rations


   Skills:
 - Level 3.0 Fighting
 + Level 4.3 Long Blades
 + Level 4.8 Dodging
 + Level 5.2 Stealth
 + Level 4.9 Shields


You had 6 spell levels left.
You didn't know any spells.
Your spell library was empty.

Dungeon Overview and Level Annotations

Branches:
Dungeon (5/15)
 Temple: D:4-7

Altars:
Qazlal

Shops:
D:4 [


Innate Abilities, Weirdness & Mutations

You cannot wear most types of armour.
You are very stealthy in the water. (Stealth+)
You are amphibious.
You can wear up to eight rings at the same time.
You can use your tentacles to constrict eight enemies at once.
Your skin changes colour to match your surroundings (Stealth+).
Your rubbery body absorbs attacks. (AC +1, EV +1)


Message History

A sky beast appears from thin air!
Reactivating autopickup.
You closely miss the sky beast. Your squeeze misses the sky beast.
The sky beast is severely wounded.
The sky beast seems less drained.
You block the sky beast's attack.
You barely miss the sky beast.
The sky beast is severely wounded.
You block the sky beast's attack.
You hit the sky beast. Your squeeze misses the sky beast.
The sky beast is almost dead.
The sky beast flickers out of sight!
Deactivating autopickup; reactivate with Ctrl-A.
Something hits you.
* * * LOW HITPOINT WARNING * * *
Something shocks you.
* * * LOW HITPOINT WARNING * * *
Something hits you.
* * * LOW HITPOINT WARNING * * *
Something shocks you.
You die...

#.#.#.# #.# #.#............
#.#.#.# #.# #.#............
#.#.#.# #.# #.............#
#.#.#.# #.# #........###.##
#.#.#.# #.# #..............
#.#.#.#######.# #≈.####.#..#.##
..............# #..# #.#[.#.##
....#.#############..####.#..#.##
....#.# #...@{......>.#..#.##
....#.#######.#############..#.##
..........................#..#.##
#.#.#.######..#.#########.#..#.##
#[#.#.#...................####.##
#.#.#.#..........#####...........
..#.#.#..........#####......###.#
#.#..................#......# #.#
#.#..............#..........# #.#


There were no monsters in sight!

Vanquished Creatures
  Edmund (D:4)
  3 scorpions (D:4)
  A howler monkey (D:4)
  A hound (D:4)
  Jessica (D:4)
  3 worker ants (D:4)
  A hound skeleton (D:4)
  7 adders
  An ooze (D:4)
  3 worms
  2 dart slugs
  2 leopard geckos (D:4)
  A ball python (D:1)
  5 giant cockroaches
  10 goblins
  8 hobgoblins
  2 jackals (D:2)
  13 bats
  4 frilled lizards
  5 kobolds
  A quokka skeleton (D:4)
  11 rats
86 creatures vanquished.

Vanquished Creatures (others)
  2 fungi (D:4)
2 creatures vanquished.

Grand Total: 88 creatures vanquished

Notes
Turn   | Place    | Note
-------+----------+-------------------------------------------
     0 | D:1      | floatRand the Octopode Fighter began the quest for the Orb.
     0 | D:1      | Reached XP level 1. HP: 16/16 MP: 1/1
   178 | D:1      | Reached skill level 1 in Stealth
   178 | D:1      | Reached XP level 2. HP: 21/21 MP: 2/2
   569 | D:1      | Reached XP level 3. HP: 26/26 MP: 3/3
   968 | D:2      | Reached skill level 2 in Stealth
  1245 | D:2      | Found a stormy altar of Qazlal.
  1245 | D:2      | Noticed Jessica
  1802 | D:3      | Reached XP level 4. HP: 31/31 MP: 4/4
  2838 | D:4      | Reached XP level 5. HP: 35/36 MP: 5/5
  2859 | D:4      | Found Terotz's Antique Armour Boutique.
  2981 | D:4      | Reached skill level 3 in Stealth
  3128 | D:4      | Noticed Edmund
  3145 | D:4      | Killed Edmund
  3145 | D:4      | Reached skill level 4 in Stealth
  3145 | D:4      | Reached XP level 6. HP: 12/42 MP: 6/6
  3403 | D:4      | Killed Jessica
  3656 | D:4      | Reached XP level 7. HP: 22/46 MP: 7/7
  3918 | D:4      | Reached skill level 5 in Stealth
  4366 | D:5      | Entered Level 5 of the Dungeon
  4402 | D:4      | HP: 1/46 [something (3)]
  4402 | D:4      | Slain by a sky beast

Levels and vault maps discovered:
D:1:      ncdulo_wetmaze, layout_basic, minmay_pentomino_t2
D:2:      layout_loops_corners, grunt_qazlal_sundering, uniq_jessica
D:3:      layout_basic, minivault_14
D:4:      old_forge, layout_basic, serial_shops, nicolae_shop_waterfront,
          first_ration, uniq_edmund
D:5:      cheibrodos_fzero, layout_basic, lemuel_coloured_pillars_altar,
          minmay_temple_entry_offerings

Skill      XL: |  1  2  3  4  5  6  7 |
---------------+----------------------+-----
Stealth        | 1 2 4 5 |  5.2
Long Blades    | 3 4 |  4.3
Dodging        | 4 |  4.8
Shields        | 4 |  4.9
Fighting       | |  3.0

Action                   |  1- 3 |  4- 6 |  7- 9 || total
-------------------------+-------+-------+-------++-------
Melee: Long sword        |    76 |    63 |    41 ||   180
       Constrict         |    20 |    18 |    12 ||    50
       Tentacles         |    10 |    14 |    11 ||    35
  Use: Potion            |       |     2 |       ||     2
 Stab: Sleeping          |    18 |     5 |       ||    23
  Eat: Chunk             |     2 |     7 |     2 ||    11
Armor: Skin              |    13 |     1 |     7 ||    21
Dodge: Dodged            |    38 |    28 |    19 ||    85
Block: Shield            |    36 |    35 |    26 ||    97
       Rpst.: Long sword |    12 |     5 |     3 ||    20

Table legend:
 A = Non-vault XP
 B = Vault XP
 C = Vault XP percentage of total XP
 D = Non-vault monster count
 E = Vault monster count
 F = Vault count percentage of total count
                 A         B        C        D         E       F
            +---------+---------+-------+---------+---------+-------
      Total |     387 |     472 |  54.9 |      70 |      16 |  18.6
            +---------+---------+-------+---------+---------+-------
        D:1 |      44 |       3 |   6.4 |      28 |       2 |   6.7
        D:2 |      30 |       0 |   0.0 |      16 |       0 |   0.0
        D:3 |      60 |       0 |   0.0 |      12 |       0 |   0.0
        D:4 |     253 |     469 |  65.0 |      14 |      14 |  50.0
            +---------+---------+-------+---------+---------+-------
